Match 40732231
Unlisted

Match 40732231
End
Construct Infanterie Kompanie
Selects Terror Battlegroup
Selects Machine Gun Camouflage
Grenadier Squad
MG 42 Machine Gun Team
Grenadier Squad
GrW 34 Mortar Team
Medical Station
Selects Contempt for the Weak
Construct Luftwaffe Kompanie
221 Scout Car
Jäger Squad
Jäger Squad
Support Elements
Selects Jericho Trumpet
Marder III M Tank Destroyer
Construct Panzergrenadier Kompanie
Nebelwerfer 42 Rocket Launcher Team
Pak 40 Anti-tank Gun Team
StuG III G Assault Gun
Marder III M Tank Destroyer
Panzergrenadier Squad
Selects V1 Rocket Strike
captainbros
Kevege
TransNigg@
Camicia Nera
CosmoBluePlanet
[1R0N]SHAH1DEN.
能力越小 责任越少
Mael Radec
0
0

Comments sign in to comment!

No comments posted yet!